[Event "Team 45 45 League T28"]
[Site "Free Internet Chess Server"]
[Date "2005.09.22"]
[Round "2"]
[White "Cadger"]
[Black "RFFISCHER"]
[Result "1-0"]
[WhiteElo "1738"]
[BlackElo "1563"]
[TimeControl "2700+45"]

1. e4 c5 2. Nf3 d6 3. d4 cxd4 4. Nxd4 a6 5. Nc3 Nc6 6. Be3 e5 7. Nb3 Nf6 8. f3 Be7 9. Qd2 b5 10. Be2 O-O 11. O-O-O Be6 12. g4 b4 13. Nd5 Nxd5 14. exd5 Nd4 15. dxe6 Nxc2 16. exf7+ Rxf7 17. Kxc2 Qc7+ 18. Kb1 a5 19. Rc1 Qd7 20. Bc4 a4 21. Bxf7+ Kh8 22. Nc5 Qb5 23. Bc4 Qe8 24. Ne6 Rb8 25. f4 a3 26. b3 exf4 27. Bd4 Bf6 28. Bxf6 Qg6+ 29. Ka1 Qxf6+ 30. Qd4 Qxd4+ 31. Nxd4 g5 32. h4   {Black resigns} 1-0

[Event "Team 45 45 League T28"]
[Site "Free Internet Chess Server"]
[Date "2005.09.28"]
[Round "2"]
[White "clarinetref"]
[Black "pollock"]
[Result "1-0"]
[WhiteElo "1553"]
[BlackElo "1673"]
[TimeControl "2700+45"]

1. Nf3 Nf6 2. c4 g6 3. g3 c6 4. d3 Bg7 5. Nbd2 O-O 6. Bg2 d5 7. Rb1 Bf5 8. Nd4 Bd7 9. O-O e5 10. N4f3 Re8 11. cxd5 cxd5 12. b3 Nc6 13. Bb2 Rc8 14. a3 Re7 15. b4 a6 16. Nb3 e4 17. dxe4 dxe4 18. Nfd4 Nxd4 19. Bxd4 Ba4 20. Qd2 Nh5 21. Bxg7 Nxg7 22. Qxd8+ Rxd8 23. Nc5 Bc6 24. e3 f5 25. a4 b6 26. Nxa6 Bxa4 27. b5 Rd5 28. Nb4 Rxb5 29. Nc6 Rxb1 30. Nxe7+ Kf7 31. Rxb1 Kxe7 32. Rxb6 Be8 33. Rb7+ Kf6 34. f3 exf3 35. Bxf3 h5 36. Rb6+ Kg5 37. Kf2 Ba4 38. Rb8 Ne6 39. Bd5 Nc5 40. h4+ Kg4 41. Rb4+   {Black resigns} 1-0

[Event "Team 45 45 League T28"]
[Site "Free Internet Chess Server"]
[Date "2005.09.25"]
[Round "2"]
[White "DavetheBravest"]
[Black "xplan"]
[Result "0-1"]
[WhiteElo "1574"]
[BlackElo "1494"]
[TimeControl "2700+45"]

1. e4 e5 2. Bc4 Nf6 3. Nc3 Bb4 4. a3 Ba5 5. Nf3 Nc6 6. O-O d6 7. Ng5 O-O 8. Nd5 Be6 9. Nxf6+ Qxf6 10. Qh5 h6 11. Nxe6 fxe6 12. d3 Nd4 13. f4 Bb6 14. Kh1 Nxc2 15. Ra2 Ne3 16. Rf3 Nxc4 17. dxc4 Qf7 18. Qg4 Kh7 19. b4 c6 20. h4 Qg6 21. Qxg6+ Kxg6 22. fxe5 Rxf3 23. gxf3 dxe5 24. Rg2+ Kh7 25. Bb2 Bd4 26. Bc1 Rf8 27. f4 exf4 28. Bb2 e5 29. Bxd4 exd4 30. Rd2 f3 31. Kg1 f2+ 32. Rxf2 Rxf2 33. Kxf2 g5   {White resigns} 0-1

[Event "Team 45 45 League T28"]
[Site "Free Internet Chess Server"]
[Date "2005.09.22"]
[Round "2"]
[White "grabapawn"]
[Black "Scapegoated"]
[Result "1-0"]
[WhiteElo "1408"]
[BlackElo "1489"]
[TimeControl "2700+45"]

1. e4 d6 2. d4 Nf6 3. Nc3 g6 4. Nf3 Bg7 5. Bc4 O-O 6. O-O Nbd7 7. e5 Ne8 8. e6 Ndf6 9. exf7+ Rxf7 10. Bxf7+ Kxf7 11. Ng5+ Kg8 12. Qf3 h6 13. Nh3 Nd7 14. Nd5 Bxd4 15. Bxh6 Nef6 16. Ng5 Bxb2 17. Rae1 Be5 18. Ne6   {Black resigns} 1-0

[Event "Team 45 45 League T28"]
[Site "Free Internet Chess Server"]
[Date "2005.09.27"]
[Round "2"]
[White "Lofoten"]
[Black "zcomcon"]
[Result "1/2-1/2"]
[WhiteElo "1697"]
[BlackElo "1706"]
[TimeControl "2700+45"]

1. e4 e5 2. Nf3 Nc6 3. Bb5 a6 4. Ba4 Nf6 5. O-O Be7 6. Re1 b5 7. Bb3 O-O 8. c3 d6 9. d3 h6 10. Nbd2 Nh7 11. Nf1 Ng5 12. Ng3 Nxf3+ 13. Qxf3 Bg5 14. Bd5 Bb7 15. Nf5 Bxc1 16. Raxc1 Rb8 17. d4 exd4 18. cxd4 Ne7 19. Bb3 Nxf5 20. Qxf5 Rc8 21. Re3 Qg5 22. Qd7 Bxe4 23. g3 Bf5 24. Qe7 Qxe7 25. Rxe7 c5 26. dxc5 dxc5 27. Bd5 c4 28. Bb7 Rb8 29. Bxa6 Be6 30. Rd1 b4 31. Rc1 c3 32. bxc3 bxc3 33. Rxc3 Bxa2 34. Rcc7 Rb1+ 35. Kg2 Bd5+ 36. Kh3 Rb2 37. f4 Be6+ 38. g4 h5 39. f5 hxg4+ 40. Kxg4 Rb4+ 41. Kg5 f6+ 42. Kg6 Bf7+ 43. Rxf7 Rxf7 44. Bc4 Rxc4 45. Rxc4 Rf8 46. Rc7 Ra8 47. h4 Kf8 48. Rxg7 Ra4 49. Rh7 Rg4+ 50. Kxf6 Kg8 51. Ra7 Rxh4 52. Kg5 Rh1 53. f6 Rg1+ 54. Kh4 Rh1+ 55. Kg5 Rg1+ 56. Kf5 Rf1+ 57. Ke6 Re1+ 58. Kf5 Rf1+ 59. Kg5 Rg1+   {Game drawn by repetition} 1/2-1/2

[Event "Team 45 45 League T28"]
[Site "Free Internet Chess Server"]
[Date "2005.09.25"]
[Round "2"]
[White "CleverBanana"]
[Black "Vinoblanca"]
[Result "0-1"]
[WhiteElo "1607"]
[BlackElo "1456"]
[TimeControl "2700+45"]

1. e4 e5 2. Nf3 Nc6 3. Bc4 Be7 4. O-O d6 5. h3 Nf6 6. d3 O-O 7. c3 Be6 8. Bxe6 fxe6 9. Re1 Qe8 10. Be3 Qg6 11. Nbd2 Nh5 12. Kh2 Nf4 13. Bxf4 Rxf4 14. d4 exd4 15. cxd4 Raf8 16. Qa4 a6 17. d5 exd5 18. exd5 Rxa4   {White resigns} 0-1

[Event "Team 45 45 League T28"]
[Site "Free Internet Chess Server"]
[Date "2005.09.26"]
[Round "2"]
[White "SuperDiman"]
[Black "Aul"]
[Result "1-0"]
[WhiteElo "1444"]
[BlackElo "1557"]
[TimeControl "2700+45"]

1. d4 d6 2. c4 g6 3. Nc3 b6 4. e3 Bg7 5. Nf3 Nc6 6. Ng5 e6 7. Nxf7 Kxf7 8. Qf3+ Qf6 9. Qxc6 Bd7 10. Qxd7+ Ne7 11. Qxc7 Rhf8 12. Qxd6 Kg8 13. Ne4 Qh4 14. Qxe6+ Kh8 15. g3   {Black resigns} 1-0

[Event "Team 45 45 League T28"]
[Site "Free Internet Chess Server"]
[Date "2005.09.22"]
[Round "2"]
[White "ahorse"]
[Black "KlassAct"]
[Result "1-0"]
[WhiteElo "1485"]
[BlackElo "1457"]
[TimeControl "2700+45"]

1. d4 d5 2. Nf3 Nf6 3. c4 g6 4. Nc3 Bg7 5. Bg5 c6 6. e3 O-O 7. Ne5 Nbd7 8. f4 Nb6 9. Bd3 Ne8 10. Bh4 f6 11. Nxg6 hxg6 12. Bxg6 Nxc4 13. Qh5   {Black resigns} 1-0

[Event "Team 45 45 League T28"]
[Site "Free Internet Chess Server"]
[Date "2005.09.24"]
[Round "2"]
[White "noHz"]
[Black "SamGB"]
[Result "0-1"]
[WhiteElo "1930"]
[BlackElo "1894"]
[TimeControl "2700+45"]

1. e4 e5 2. Nf3 Nf6 3. Nxe5 d6 4. Nf3 Nxe4 5. d3 Nf6 6. d4 d5 7. Bd3 Be7 8. O-O Nc6 9. h3 O-O 10. Re1 Re8 11. Bg5 h6 12. Bh4 Be6 13. c3 Qd7 14. Qc2 Ne4 15. Bxe4 dxe4 16. Qxe4 Bf5 17. Qe2 Bxh4 18. Qd1 Bf6 19. Nbd2 Rxe1+ 20. Nxe1 Re8 21. Nef3 Qd5 22. Nf1 Be4 23. N1d2 Bh7 24. b3 Qf5 25. Nf1 Qc2 26. Qxc2 Bxc2 27. Ne3 Be4 28. Nd2 Bd3 29. Nf3 Be2 30. Nh2 Bh4 31. Nd5 Bd3 32. Nf3 Bd8 33. Ne3 Ne7 34. Rd1 Be2 35. Rd2 Bxf3 36. gxf3 Ng6 37. Nd5 c6 38. Ne3 Bg5 39. Re2 Nf4 40. Re1 Nxh3+ 41. Kg2 Nxf2   {White resigns} 0-1

[Event "Team 45 45 League T28"]
[Site "Free Internet Chess Server"]
[Date "2005.09.25"]
[Round "2"]
[White "sidiAhmed"]
[Black "jestrada"]
[Result "1/2-1/2"]
[WhiteElo "1669"]
[BlackElo "1882"]
[TimeControl "2700+45"]

1. d4 d5 2. c4 c6 3. Nc3 Nf6 4. Nf3 e6 5. e3 Bd6 6. Bd3 dxc4 7. Bxc4 Nbd7 8. O-O Qe7 9. e4 e5 10. dxe5 Nxe5 11. Bf4 Nxc4 12. Bxd6 Nxd6 13. e5 O-O 14. exd6 Qe6 15. Re1 Qg4 16. Ne5 Qxd1 17. Raxd1 Bd7 18. Nxd7 Nxd7 19. Re7 Rad8 20. b4 a6 21. Na4 b6 22. g3 f6 23. h4 Rfe8 24. h5 Kf8 25. Rde1 Ne5 26. Kg2 Nc4 27. R1e6 b5 28. Nc5 Nxd6 29. Rxe8+ Nxe8 30. Rxc6 Rd6 31. Rxa6 Rxa6 32. Nxa6 Ke7 33. Kf3 Ke6 34. Ke3 Kd5 35. Kd3 f5 36. f3 Nf6 37. Nc7+ Kc6 38. Ne6 Nxh5 39. g4 fxg4 40. fxg4 Nf6   {Game drawn by mutual agreement} 1/2-1/2

[Event "Team 45 45 League T28"]
[Site "Free Internet Chess Server"]
[Date "2005.09.24"]
[Round "2"]
[White "zcomcon"]
[Black "dzonson"]
[Result "1-0"]
[WhiteElo "1689"]
[BlackElo "1714"]
[TimeControl "2700+45"]

1. e4 d5 2. exd5 Qxd5 3. Nc3 Qa5 4. d4 Nf6 5. Bd2 c6 6. Ne4 Qd8 7. Nxf6+ exf6 8. c3 Bd6 9. Nf3 Bf5 10. Be2 Nd7 11. Be3 O-O 12. Nh4 Be4 13. Bf3 f5 14. Bxe4 fxe4 15. Nf5 Qf6 16. Qg4 Rfe8 17. Ng3 Qe6 18. Qxe6 Rxe6 19. Ne2 Nb6 20. b3 Nd5 21. c4 Nb4 22. Kd2 Nd3 23. Nc1 Bb4+ 24. Ke2 Nxc1+ 25. Rhxc1 Rd8 26. a3 Ba5 27. b4 Bb6 28. d5 Bxe3 29. Kxe3 cxd5 30. cxd5 Red6 31. Rc7 Rxd5 32. Rxb7 R5d7 33. Rxd7 Rxd7 34. Kxe4 f6 35. Ra2 Kf7 36. a4 Ke6 37. Re2 f5+ 38. Kf4+ Kf6 39. Ke3 g5 40. h3 h5 41. g3 f4+ 42. gxf4 gxf4+ 43. Kxf4 Rd4+ 44. Re4 Rd2 45. f3 Rh2 46. Kg3 Rh1 47. h4 Kf5 48. b5 Rg1+ 49. Kf2 Rg6 50. a5 Rd6 51. Rb4 Ke6 52. b6 axb6 53. Rxb6 Rxb6 54. axb6 Kd7 55. b7 Kc7 56. b8=Q+ Kxb8 57. Ke3 Kc7 58. Kf4 Kd6 59. Kg5 Ke6 60. f4 Kf7 61. f5 Kg7 62. Kxh5 Kf6 63. Kg4 Kg7 64. Kg5 Kf7 65. f6 Kg8 66. Kg6 Kh8 67. h5 Kg8 68. f7+   {Black resigns} 1-0

[Event "Team 45 45 League T28"]
[Site "Free Internet Chess Server"]
[Date "2005.09.24"]
[Round "2"]
[White "Aul"]
[Black "GadsHill"]
[Result "0-1"]
[WhiteElo "1563"]
[BlackElo "1714"]
[TimeControl "2700+45"]

1. d4 d5 2. e3 c5 3. b3 e6 4. Bd3 Nf6 5. Nd2 Nc6 6. c3 Qc7 7. Bb2 Bd7 8. f4 cxd4 9. cxd4 Nb4 10. Bb1 Rc8 11. Ngf3 Bb5 12. a3 Nc6 13. Ne5 Nxe5 14. fxe5 Nd7 15. a4 Ba6 16. b4 Bxb4 17. Ba2 O-O 18. Rc1 Qa5 19. Bb3 Nb6 20. h4 Nxa4 21. Bxa4 Bxd2+ 22. Qxd2 Qxa4 23. h5 h6 24. Kf2 Rc4 25. Rh3 Rfc8 26. Rg3 Rc2   {White resigns} 0-1

[Event "Team 45 45 League T28"]
[Site "Free Internet Chess Server"]
[Date "2005.09.24"]
[Round "2"]
[White "sirpicha"]
[Black "buRnINGbeNd"]
[Result "0-1"]
[WhiteElo "1813"]
[BlackElo "1958"]
[TimeControl "2700+45"]

1. e4 c5 2. Nf3 d6 3. d4 cxd4 4. Nxd4 Nf6 5. Nc3 g6 6. Bc4 Bg7 7. Be3 O-O 8. f3 Nc6 9. Qd2 Bd7 10. h4 Rc8 11. Bb3 Ne5 12. g4 a5 13. h5 a4 14. Bd5 Nxd5 15. Nxd5 Nc4 16. Qh2 Nxe3 17. hxg6 fxg6 18. Qxh7+ Kf7 19. Nf5 gxf5 20. Qh5+ Ke6 21. Nxe3 Qa5+ 22. Kd1 Be8 23. gxf5+ Kd7 24. Qg4 Bxb2 25. f6+ e6 26. Rh7+ Rf7 27. Rxf7+ Bxf7 28. Qg7 Qh5 29. Rb1 Qxf3+ 30. Kd2 Rxc2+ 31. Nxc2 Bc3+ 32. Kc1 Qf1+   {White resigns} 0-1

[Event "Team 45 45 League T28"]
[Site "Free Internet Chess Server"]
[Date "2005.09.25"]
[Round "2"]
[White "ymy"]
[Black "Litovec"]
[Result "1-0"]
[WhiteElo "1718"]
[BlackElo "1757"]
[TimeControl "2700+45"]

1. e4 d5 2. exd5 Nf6 3. c4 e6 4. dxe6 Bxe6 5. Nf3 c5 6. Nc3 Nc6 7. d3 Be7 8. Be3 O-O 9. Qd2 Bf5 10. h3 Nb4 11. O-O-O a5 12. a3 Nc6 13. Nh4 Bg6 14. Nxg6 fxg6 15. Nb5 a4 16. g4 Na5 17. Kb1 b6 18. Bg2 Rb8 19. Rhe1 Qd7 20. Qc3 Rbd8 21. d4 Nb3 22. d5 Ne8 23. Ka2 Bh4 24. Rf1 Nd6 25. Nxd6 Qxd6 26. f4 Rde8 27. f5 Qg3 28. Bf3 Qxh3 29. d6 gxf5 30. d7 Rd8 31. Bg5 fxg4 32. Bd5+ Kh8 33. Rxf8+ Rxf8 34. Qxh3 gxh3 35. Bxh4   {Black resigns} 1-0

[Event "Team 45 45 League T28"]
[Site "Free Internet Chess Server"]
[Date "2005.09.24"]
[Round "2"]
[White "spendius"]
[Black "bsdc"]
[Result "1-0"]
[WhiteElo "1700"]
[BlackElo "1689"]
[TimeControl "2700+45"]

1. e4 e6 2. d4 b6 3. Nf3 Bb7 4. Bd3 Nf6 5. Nc3 Bb4 6. Qe2 O-O 7. Bg5 Be7 8. O-O-O Nd5 9. Nxd5 Bxg5+ 10. Nxg5 Qxg5+ 11. Ne3 Nc6 12. Bc4 Na5 13. Bd3 c5 14. h4 Qe7 15. d5 exd5 16. exd5 Rfe8 17. Qh5 g6 18. Qg4 Kh8 19. h5 Rg8 20. hxg6 fxg6 21. Rh6 Raf8 22. Rdh1 Rf7 23. Rxg6 Rxg6 24. Qxg6 Rg7 25. Qh6 Qf8 26. Bxh7 Qxf2 27. Bg6+ Kg8 28. Qh8#   {Black checkmated} 1-0

[Event "Team 45 45 League T28"]
[Site "Free Internet Chess Server"]
[Date "2005.09.22"]
[Round "2"]
[White "itsMrPatzer"]
[Black "seberg"]
[Result "0-1"]
[WhiteElo "1439"]
[BlackElo "1593"]
[TimeControl "2700+45"]

1. e4 c5 2. Nf3 Nc6 3. d4 cxd4 4. Nxd4 e6 5. Nxc6 bxc6 6. Bd3 Nf6 7. Be3 d5 8. exd5 cxd5 9. O-O Bd6 10. f4 e5 11. fxe5 Bxe5 12. c3 Ng4 13. Bf4 Qb6+ 14. Kh1 Bxf4 15. Rxf4 Nf2+ 16. Rxf2 Qxf2 17. Qe2+ Qxe2 18. Bxe2 O-O 19. Nd2 Bb7 20. Bf3 Rab8 21. Nb3 Rfd8 22. Nd4 a6 23. b3 Re8 24. Kg1 Re3 25. Rc1 g6 26. a4 Rc8 27. Ne2 Ba8 28. Kf2 Rd3 29. b4 Bc6 30. a5 Bb5 31. Nd4 Rxd4   {White resigns} 0-1

[Event "Team 45 45 League T28"]
[Site "Free Internet Chess Server"]
[Date "2005.09.25"]
[Round "2"]
[White "trajanus"]
[Black "HotDonut"]
[Result "1-0"]
[WhiteElo "2001"]
[BlackElo "1832"]
[TimeControl "2700+45"]

1. d4 Nf6 2. Nf3 e6 3. g3 d5 4. Bg2 Be7 5. O-O a6 6. c4 O-O 7. Nc3 dxc4 8. Ne5 Nbd7 9. Nxc4 c5 10. dxc5 Nxc5 11. Qc2 Qc7 12. Bf4 Qd8 13. Rfd1 Qe8 14. Nb6 Ra7 15. Bb8 Ra8 16. Nxa8 Bd7 17. Nb6   {Black resigns} 1-0

[Event "Team 45 45 League T28"]
[Site "Free Internet Chess Server"]
[Date "2005.09.24"]
[Round "2"]
[White "roverch"]
[Black "RoZa"]
[Result "0-1"]
[WhiteElo "1870"]
[BlackElo "1929"]
[TimeControl "2700+45"]

1. e4 e5 2. Nf3 d6 3. d4 Nd7 4. c4 Ngf6 5. Nc3 c6 6. g3 g6 7. Bg2 Bg7 8. O-O O-O 9. h3 Qc7 10. Be3 Nb6 11. Qd3 Be6 12. d5 cxd5 13. cxd5 Bd7 14. Rac1 Qc4 15. Qd2 Qa6 16. Rc2 Nc4 17. Qd3 Nxe3 18. Qxe3 Rfc8 19. Rfc1 Rc7 20. Ne2 Rxc2 21. Rxc2 Qxa2 22. Nh4 Qb1+ 23. Rc1 Qxb2 24. f4 Rc8 25. Rxc8+ Bxc8 26. g4 a5 27. g5 exf4 28. Nxf4 Nxd5 29. Qf3 Qc1+   {White resigns} 0-1

[Event "Team 45 45 League T28"]
[Site "Free Internet Chess Server"]
[Date "2005.09.26"]
[Round "2"]
[White "zota"]
[Black "TheTactician"]
[Result "1-0"]
[WhiteElo "1979"]
[BlackElo "1837"]
[TimeControl "2700+45"]

1. e4 e5 2. Nf3 f5 3. Nxe5 Qf6 4. d4 d6 5. Nc4 fxe4 6. Nc3 Qg6 7. Ne3 c6 8. Be2 Nf6 9. O-O d5 10. f3 exf3 11. Bxf3 Bd6 12. Nexd5 cxd5 13. Qe2+ Kd7 14. Nxd5 Nc6 15. Nxf6+ gxf6 16. c3 Kc7 17. Qc4 a6 18. d5 Bf5 19. Bf4 Bd3 20. Bxd6+ Kxd6 21. Qf4+ Ne5 22. Qb4+ Kc7 23. d6+ Kd8 24. Qxb7 Nxf3+ 25. Rxf3 Qe4 26. Qb6+ Kd7 27. Rxf6 Rhc8 28. Rf7+ Ke6 29. Re7+ Kf5 30. Qf2+ Kg5 31. Rxe4 Bxe4 32. Qe3+ Kf5 33. Rf1+ Ke5 34. Qd4+   {Black resigns} 1-0

[Event "Team 45 45 League T28"]
[Site "Free Internet Chess Server"]
[Date "2005.09.26"]
[Round "2"]
[White "Litovec"]
[Black "fledermaus"]
[Result "0-1"]
[WhiteElo "1713"]
[BlackElo "1897"]
[TimeControl "2700+45"]

1. e4 Nf6 2. Nc3 e5 3. Bc4 Nc6 4. Nf3 Nxe4 5. Bxf7+ Kxf7 6. Nxe4 d5 7. Ng3 Bd6 8. d3 Rf8 9. Ng5+ Kg8 10. h4 Qf6 11. O-O h6 12. Nf3 Bg4 13. Re1 Nd4 14. Re3 Nxf3+ 15. gxf3 Bc5 16. Re1 Bxf3 17. Qd2 Qxh4 18. d4 Qh3   {White resigns} 0-1

[Event "Team 45 45 League T28"]
[Site "Free Internet Chess Server"]
[Date "2005.09.24"]
[Round "2"]
[White "gracey"]
[Black "TripleCheck"]
[Result "1/2-1/2"]
[WhiteElo "2086"]
[BlackElo "2135"]
[TimeControl "2700+45"]

1. f4 b6 2. d4 Bb7 3. Nf3 Bxf3 4. exf3 f5 5. Bb5 e6 6. O-O a6 7. Ba4 Nf6 8. Re1 b5 9. Bb3 c5 10. a4 c4 11. Ba2 Qc7 12. Nc3 b4 13. Nb1 Be7 14. Qe2 Nc6 15. Qxc4 Nd5 16. c3 Qb6 17. Nd2 Na5 18. Qd3 Nxf4 19. Qc2 bxc3 20. bxc3 Rc8 21. Nf1 Ng6 22. Bd2 O-O 23. Qd3 d5 24. Rab1 Qd6 25. Rb4 f4 26. Qe2 Rc6 27. h3 Re8 28. Kh2 Qd7 29. Rb2 Bh4 30. Reb1 Nc4 31. Rb7 Qd8 32. Bxc4 Rxc4 33. R1b6 e5 34. Rxa6 Bf6 35. dxe5 Nxe5 36. Qd1 Nd3 37. Raa7 Nc5 38. Rb4 Nd3 39. Rxc4 dxc4 40. Qb1 Qc8 41. Qb5 Re5 42. Qb6 Re7 43. Ra6 Nc5 44. Ra5 Nd3   {Game drawn by mutual agreement} 1/2-1/2

[Event "Team 45 45 League T28"]
[Site "Free Internet Chess Server"]
[Date "2005.09.25"]
[Round "2"]
[White "watson"]
[Black "bahus"]
[Result "1-0"]
[WhiteElo "1944"]
[BlackElo "1865"]
[TimeControl "2700+45"]

1. e4 e5 2. Nf3 Nf6 3. Nxe5 d6 4. Nf3 Nxe4 5. d4 d5 6. Bd3 Be7 7. O-O Nc6 8. c4 Nb4 9. Be2 O-O 10. Nc3 Bf5 11. a3 Nxc3 12. bxc3 Nc6 13. Re1 dxc4 14. Bxc4 Qd6 15. Ne5 Nxe5 16. Rxe5 Be6 17. Bxe6 fxe6 18. Qb3 Kh8 19. Qxe6 Qxe6 20. Rxe6 Rf7 21. Bf4 Bf6 22. Be5 Bg5 23. Rb1 Raf8 24. Rxb7 Rxf2 25. h3 Be3 26. Bxg7+   {Black resigns} 1-0

[Event "Team 45 45 League T28"]
[Site "Free Internet Chess Server"]
[Date "2005.09.25"]
[Round "2"]
[White "javamanissa"]
[Black "buRnINGbeNd"]
[Result "0-1"]
[WhiteElo "1783"]
[BlackElo "1971"]
[TimeControl "2700+45"]

1. e4 c5 2. Nf3 d6 3. d4 cxd4 4. Nxd4 Nf6 5. Nc3 g6 6. Be3 Bg7 7. Be2 Nc6 8. Qd2 O-O 9. O-O d5 10. exd5 Nxd5 11. Nxd5 Nxd4 12. Bxd4 Qxd5 13. c3 e5 14. Be3 Qxd2 15. Bxd2 Be6 16. Be3 Rfd8 17. b3 f5 18. Bg5 Rdc8 19. c4 h6 20. Be7 a5 21. Rad1 a4 22. Rb1 axb3 23. axb3 Ra2 24. Rfe1 e4 25. Bf1 Kf7 26. Bd6 Rd8 27. c5 Bd4 28. Re2 Rda8 29. b4 Ra1 30. Rxa1 Rxa1 31. Rc2 Bb3 32. Rd2 Bc4 33. g3 Bxf1 34. h4 Bd3+ 35. Kh2   {White resigns} 0-1

[Event "Team 45 45 League T28"]
[Site "Free Internet Chess Server"]
[Date "2005.09.26"]
[Round "2"]
[White "Akavall"]
[Black "LLIAMAH"]
[Result "1-0"]
[WhiteElo "1907"]
[BlackElo "1759"]
[TimeControl "2700+45"]

1. e4 c5 2. Nf3 Nc6 3. Bb5 Nd4 4. Nxd4 cxd4 5. O-O Nf6 6. d3 a6 7. Ba4 b5 8. Bb3 Bb7 9. c3 dxc3 10. bxc3 e5 11. f4 Qb6+ 12. Kh1 d6 13. Qf3 Be7 14. Be3 Qc7 15. Qg3 O-O 16. fxe5 dxe5 17. Rf5 Bc8 18. Bh6 Ne8 19. Rf1 Qd6 20. Bc1 a5 21. Ba3 b4 22. cxb4 Qd4 23. bxa5 Nd6 24. Nd2 Rxa5 25. Bxd6 Bxd6 26. Rxf7 Rxf7 27. Rf1 Ra7 28. Qf3 Qa4 29. Bxf7+ Kh8 30. Bd5 Qe8 31. Nc4 Be7 32. Nxe5 Bf6 33. Nf7+ Rxf7 34. Bxf7 Qxf7 35. e5 Bb7 36. Qf2 Bd5 37. exf6 Bxa2 38. fxg7+ Kxg7 39. Qxf7+ Bxf7 40. Rxf7+ Kxf7 41. Kg1 Ke6 42. Kf2 Ke5 43. Ke3 h5 44. d4+ Kd5 45. Kf4 h4 46. Kg4 h3 47. Kxh3 Kxd4 48. Kg4 Ke5 49. Kg5 Ke6 50. Kg6 Ke7 51. Kg7 Ke6 52. h4 Kf5 53. h5 Kg4 54. h6 Kg3 55. h7 Kxg2 56. h8=Q Kf3 57. Qh4 Ke3 58. Kf6 Kf3 59. Kf5 Ke3 60. Qf4+ Kd3 61. Ke5 Kc3 62. Qd4+ Kb3 63. Qc5 Kb2 64. Kd4 Kb3 65. Kd3 Ka4 66. Qb6 Ka3 67. Kc3 Ka2 68. Qb2#   {Black checkmated} 1-0

[Event "Team 45 45 League T28"]
[Site "Free Internet Chess Server"]
[Date "2005.09.27"]
[Round "2"]
[White "Sportsmen"]
[Black "AlefZero"]
[Result "1/2-1/2"]
[WhiteElo "2241"]
[BlackElo "2127"]
[TimeControl "2700+45"]

1. c4 g6 2. d3 Bg7 3. Nc3 c5 4. e4 Nc6 5. f4 d6 6. g3 e6 7. Bg2 Nge7 8. Be3 a6 9. Nge2 Rb8 10. Qd2 b5 11. O-O O-O 12. h3 Nd4 13. g4 f5 14. Ng3 Qa5 15. gxf5 exf5 16. Rae1 bxc4 17. dxc4 Qb4 18. b3 fxe4 19. Ngxe4 Nef5 20. Bf2 Bb7 21. Rd1 Rbe8 22. Qd3 Qa5 23. Rfe1 Kh8 24. Rd2 Qd8 25. Ne2 Nxe2+ 26. Rdxe2 Nd4 27. Bxd4 Bxd4+ 28. Kh2 Bxe4 29. Rxe4 Rxe4 30. Rxe4 Rxf4 31. Rxf4 Be5 32. Qe4 Qf6 33. Kg1 Bxf4 34. Bf3 Qa1+ 35. Kf2 Be5 36. Qe2 Bd4+ 37. Kg3 Qg1+ 38. Bg2 Be5+ 39. Kf3 Qd4 40. Qe3 Qd1+ 41. Qe2 Qb1 42. Qd2 Kg7 43. Ke2 Bd4 44. Bd5 Qf5 45. Bg2 h5 46. Ke1 Kf6 47. Ke2 g5 48. Ke1 a5 49. Ke2 Qf2+ 50. Kd1 Qxd2+ 51. Kxd2 Kf5 52. Ke2 Kf4 53. Bd5 Kg3 54. Be6 Be5 55. Ke3 Kg2 56. Ke4 Kf2 57. Kf5 g4 58. hxg4 hxg4 59. Kxg4 Ke3 60. Kf5 Kd4 61. Bd7 Kc3 62. Bb5 Kb2 63. a4 Kxb3 64. Ke6 Kc3 65. Kd5 Bh2 66. Be8 Be5 67. Bb5   {Game drawn by mutual agreement} 1/2-1/2

[Event "Team 45 45 League T28"]
[Site "Free Internet Chess Server"]
[Date "2005.09.25"]
[Round "2"]
[White "ryoshu"]
[Black "RussoTuristo"]
[Result "0-1"]
[WhiteElo "1905"]
[BlackElo "2017"]
[TimeControl "2700+45"]

1. e4 c5 2. Nc3 Nc6 3. g3 g6 4. Bg2 Bg7 5. d3 d6 6. f4 e6 7. Nf3 Nge7 8. O-O O-O 9. Be3 b6 10. g4 d5 11. Bf2 d4 12. Ne2 f5 13. h3 fxg4 14. hxg4 e5 15. f5 h5 16. Ng3 hxg4 17. Nh2 Qd6 18. fxg6 Qxg6 19. Qe2 Bd7 20. Rae1 Rac8 21. a3 Qg5 22. Nh1 Ng6 23. Bg3 Nce7 24. Nf2 Nf4 25. Qd1 Nh5 26. Nh1 Rxf1+ 27. Rxf1 Nxg3   {White resigns} 0-1

[Event "Team 45 45 League T28"]
[Site "Free Internet Chess Server"]
[Date "2005.09.24"]
[Round "2"]
[White "HotDonut"]
[Black "Motyl"]
[Result "1-0"]
[WhiteElo "1823"]
[BlackElo "1875"]
[TimeControl "2700+45"]

1. Nf3 g6 2. e4 Bg7 3. d4 d6 4. Be2 Nf6 5. Nc3 O-O 6. O-O d5 7. e5 Ne8 8. Be3 c6 9. Qd2 Nc7 10. Bd3 Bg4 11. Ng5 f6 12. h3 Bc8 13. Nf3 Nd7 14. Bh6 fxe5 15. Bxg7 Kxg7 16. Nxe5 Nxe5 17. dxe5 Ne6 18. f4 Nc5 19. Rae1 Qb6 20. Kh1 d4 21. Ne4 Nxe4 22. Bxe4 Qxb2 23. f5 Bxf5 24. Bxf5 Rxf5 25. Rxf5 gxf5 26. Qg5+ Kh8 27. Qxe7 Qxc2 28. Qf6+ Kg8 29. e6 Qf2 30. Qf7+ Kh8 31. Rg1 f4 32. e7 Qe3 33. Qf8+   {Black resigns} 1-0

[Event "Team 45 45 League T28"]
[Site "Free Internet Chess Server"]
[Date "2005.09.25"]
[Round "2"]
[White "Mekk"]
[Black "lodda"]
[Result "0-1"]
[WhiteElo "1802"]
[BlackElo "1813"]
[TimeControl "2700+45"]

1. e4 c6 2. d4 d5 3. e5 Bf5 4. h4 h6 5. g4 Be4 6. Nf3 e6 7. Be3 Qb6 8. Nbd2 Qxb2 9. Nxe4 dxe4 10. Nd2 Qc3 11. Bg2 Na6 12. O-O Nb4 13. Bxe4 Be7 14. Nf3 Nd5 15. Bd2 Qa3 16. c4 Nc3 17. Qe1 Nxe4 18. Qxe4 Rd8 19. Rfb1 Qa6 20. Rc1 Rd7 21. a4 Bd8 22. a5 Ne7 23. h5 g6 24. Kh1 gxh5 25. gxh5 Nf5 26. Bb4 Rg8 27. Bc5 Be7 28. Bxe7 Kxe7 29. d5 cxd5 30. cxd5 Rxd5 31. Rc7+ Rd7 32. Qb4+ Kd8 33. Rxd7+ Kxd7 34. Rd1+ Kc8 35. Qc5+ Qc6 36. Qa3 Kb8 37. Rc1 Qe4 38. Kh2 Qf4+ 39. Kh1 Qg4 40. Ng5 Qxg5   {White resigns} 0-1

[Event "Team 45 45 League T28"]
[Site "Free Internet Chess Server"]
[Date "2005.09.24"]
[Round "2"]
[White "LLIAMAH"]
[Black "GadsHill"]
[Result "1-0"]
[WhiteElo "1736"]
[BlackElo "1733"]
[TimeControl "2700+45"]

1. d4 d5 2. c4 e6 3. Nc3 c5 4. dxc5 Bxc5 5. cxd5 Nf6 6. Bg5 O-O 7. Qb3 exd5 8. e3 Nc6 9. O-O-O d4 10. Ne4 Qe7 11. Nxf6+ gxf6 12. Bf4 dxe3 13. fxe3 Be6 14. Qa4 Bg4 15. Nf3 Bxe3+ 16. Bxe3 Qxe3+ 17. Kb1 Bxf3 18. gxf3 Qxf3 19. Bd3 Kh8 20. Bxh7 Qh5 21. Be4 Rad8 22. Bf3 Rxd1+ 23. Rxd1 Qg5 24. Bxc6 bxc6 25. Qxc6 Qf5+ 26. Qc2 Qxc2+ 27. Kxc2 Rg8 28. Rf1 Rg2+ 29. Kc3 Kg7 30. h4 Kg6 31. a4 f5 32. b4 Rg4 33. a5 Rxh4 34. b5 Rg4 35. b6 axb6 36. axb6 Kf6 37. b7 Rg3+ 38. Kc4 Rg8 39. Rb1 Rb8 40. Kc5 f4 41. Kc6 f3 42. Kc7   {Black resigns} 1-0

[Event "Team 45 45 League T28"]
[Site "Free Internet Chess Server"]
[Date "2005.09.25"]
[Round "2"]
[White "jyntor"]
[Black "jjgsmm"]
[Result "0-1"]
[WhiteElo "1585"]
[BlackElo "1622"]
[TimeControl "2700+45"]

1. e4 c5 2. c3 e6 3. d4 cxd4 4. cxd4 Qa5+ 5. Bd2 Bb4 6. Nc3 Nf6 7. Bd3 O-O 8. a3 Bxc3 9. Bxc3 Qd8 10. Nf3 d6 11. O-O Nc6 12. Qc2 Nh5 13. d5 Ne7 14. Bc4 Nf4 15. Qd2 e5 16. b4 Neg6 17. h3 Nh4 18. Nxh4 Qxh4 19. Qe3 Qg5 20. g4 Qh4 21. Kh2 Bxg4 22. Rg1 Nxh3 23. Rxg4 Qxg4 24. Qxh3 Qxe4 25. Bd3 Qf4+ 26. Kg2 h6 27. Qf5 Qxf5 28. Bxf5 g6 29. Bd3 f5 30. f3 g5 31. Kg3 Kg7 32. Bd2 Kg6 33. Rg1 Rae8 34. Re1 Kf6 35. Bc1 h5 36. Kh3 Rg8 37. Bb2 g4+ 38. fxg4 hxg4+ 39. Kg2 f4 40. Be4 Rh8 41. Rf1 Kg5 42. Bc1 g3 43. Rh1 Kg4 44. Bd2 Rxh1 45. Kxh1 Rh8+ 46. Kg1 Rh2 47. Be1 Kh3 48. a4 Re2 49. Bf5+ Kh4   {White resigns} 0-1